 Dungeon Crawl Stone Soup version 0.31-a0-208-gdb31a4691d (webtiles) character file.

Game seed: 403597292442061286

257 innerfire43 the Trooper (level 5, -1/43 HPs)
             Began as a Demonspawn Monk on June 28, 2023.
             Slain by a gnoll
             ... wielding a +0 whip
             ... led by a gnoll bouda
              (3 damage)
             ... on level 4 of the Dungeon.
             The game lasted 00:02:56 (2815 turns).

innerfire43 the Trooper (Demonspawn Monk)           Turns: 2815, Time: 00:02:57

Health: -1/43      AC: 13    Str: 13    XL:     5   Next: 93%
Magic:  5/5        EV:  4    Int: 12    God:
Gold:   214        SH:  0    Dex: 15    Spells: 4/4 levels left

rFire   . . .        a - +0 hand axe
rCold   . . .        d - orb {light}
rNeg    . . .        u - +0 plate armour
rPois   .            (no helmet)
rElec   .            k - +0 cloak
rCorr   .            y - +0 pair of gloves
SInv    +            D - +0 pair of boots
Will    .....        x - amulet of the acrobat Stlth
                     i - ring of see invisible
HPRegen 0.27/turn    (no ring)
MPRegen 0.09/turn

%: acrobat
@: weakened, glowing
A: powered by death 1
a: no special abilities


You were on level 4 of the Dungeon.
You visited 1 branch of the dungeon, and saw 4 of its levels.

You collected 214 gold pieces.

Inventory:

Hand Weapons
 a - a +0 hand axe (weapon)
Armour
 b - a +0 robe
 d - an orb of light (worn)
 k - a +0 cloak (worn)
 u - a +0 plate armour (worn)
 y - a +0 pair of gloves (worn)
 D - a +0 pair of boots (worn)
Jewellery
 i - a ring of see invisible (left hand)
 m - an amulet of guardian spirit
 x - an amulet of the acrobat (around neck)
 F - a ring of ice
Wands
 w - a wand of polymorph (8)
Scrolls
 f - a scroll of blinking {unknown}
 l - 2 scrolls of identify {unknown}
 r - a scroll of butterflies {unknown}
 t - a scroll of amnesia {unknown}
 v - a scroll of fear {unknown}
 z - a scroll of immolation {unknown}
 A - a scroll of noise {unknown}
 B - a scroll of brand weapon {unknown}
 C - a scroll of silence {unknown}
 E - a scroll of torment {unknown}
Potions
 e - 2 potions of might {unknown}
 g - 2 potions of resistance {unknown}
 h - a potion of invisibility {unknown}
 j - 2 potions of mutation {unknown}
 n - 2 potions of haste {unknown}
 o - 2 potions of cancellation {unknown}
 p - a potion of curing {unknown}
 q - a potion of lignification {unknown}
 s - a potion of brilliance {unknown}


   Skills:
 + Level 4.6 Fighting
 + Level 4.1 Axes
 + Level 4.1 Dodging


You had 4 spell levels left.
You didn't know any spells.
Your spell library contained the following spells:

 Spells                   Type           Power      Damage    Failure   Level
 Sandblast                Erth           0%         2d4       100%        1
 Passwall                 Tmut/Erth      0%         N/A       100%        2
 Poisonous Vapours        Pois/Air       0%         N/A       100%        2
 Mephitic Cloud           Conj/Pois/Air  0%         N/A       100%        3
 Stone Arrow              Conj/Erth      0%         3d7       100%        3
 Vhi's Electric Charge    Tloc/Air       0%         N/A       100%        3
 Arcjolt                  Conj/Air       0%         1d10      100%        5
 Freezing Cloud           Conj/Ice/Air   0%         6-21      100%        5
 Plasma Beam              Fire/Air       0%         2x1d10    100%        6


Dungeon Overview and Level Annotations

Branches:
Dungeon (4/15)
 Temple: D:4-7

Altars:


Innate Abilities, Weirdness & Mutations

You regenerate a little health from kills.


Message History

The gnoll hits you but does no damage.
Unknown command.
You hit the gnoll.
The gnoll is heavily wounded.
You hit the gnoll but do no damage. You hit the gnoll bouda.
The gnoll hits you but does no damage.
The gnoll bouda hits you but does no damage.
The gnoll hits you but does no damage. The gnoll hits you with a +0 whip.
* * * LOW HITPOINT WARNING * * *
You hit the gnoll.
The gnoll is severely wounded.
You barely miss the gnoll. You hit the gnoll bouda.
You feel less invigorated.
You feel less confused.
The gnoll bouda gazes fiercely through you!
You feel as though you will be weak longer.
The gnoll bouda hits you with a +0 club!
* * * LOW HITPOINT WARNING * * *
The gnoll hits you but does no damage. The gnoll barely misses you.
You hit the gnoll.
The gnoll is almost dead.
You hit the gnoll.
You kill the gnoll!
You barely miss the gnoll bouda.
The gnoll bouda hits you with a +0 club.
* * * LOW HITPOINT WARNING * * *
The gnoll hits you with a +0 whip.
* * * LOW HITPOINT WARNING * * *
The gnoll bouda hits you but does no damage.
You barely miss the gnoll.
The gnoll is almost dead.
You hit the gnoll bouda but do no damage.
The gnoll hits you with a +0 whip.
* * * LOW HITPOINT WARNING * * *
The gnoll bouda hits you but does no damage.
Unknown command.
You hit the gnoll but do no damage.
The gnoll is almost dead.
You hit the gnoll bouda but do no damage.
The gnoll hits you with a +0 whip.
You die...

.. #############..
...............
.............
............
..........#
#...gg)##
######@).# .
####..†.....## .
##.....)......# #
###.............# #
##..............##
##...............#
##............(..##
#...............##
##...........)..#


You could see a gnoll bouda and a gnoll (swift).

Vanquished Creatures
  A scorpion (D:4)
  A howler monkey (D:4)
  Jessica (D:3)
  A sleepcap (D:3)
  3 gnolls (D:4)
  2 adders
  3 worms
  2 orcs (D:4)
  5 ball pythons
  8 endoplasms
  4 giant cockroaches
  3 goblins
  6 hobgoblins
  A jackal (D:1)
  3 quokkas
  A frilled lizard (D:1)
  6 kobolds
  5 rats
56 creatures vanquished.

Notes
Turn   | Place    | Note
-------+----------+-------------------------------------------
     0 | D:1      | innerfire43 the Demonspawn Monk began the quest for the
                  | Orb.
     0 | D:1      | Reached XP level 1. HP: 18/18 MP: 1/1
    94 | D:1      | Gained mutation: You regenerate a little health from kills.
                  | [demonic ancestry]
    94 | D:1      | Reached XP level 2. HP: 6/24 MP: 2/2
   795 | D:2      | Reached XP level 3. HP: 13/29 MP: 0/3
  1560 | D:3      | Reached XP level 4. HP: 37/37 MP: 4/4
  1626 | D:3      | Noticed Jessica
  1637 | D:3      | Killed Jessica
  2451 | D:4      | Reached XP level 5. HP: 42/42 MP: 5/5
  2464 | D:4      | Identified the +8 short sword of Celamm {holy, Fly Str+3
                  | Int+4}
  2814 | D:4      | HP: 2/43 [gnoll/+0 whip[a gnoll bouda] (1)]
  2815 | D:4      | Slain by a gnoll

Illustrated notes

Levels and vault maps discovered:
D:1:      zaba_arrival_water, layout_basic, minmay_pentomino_t4
D:2:      layout_loops_cross, st_stairs_13, minmay_misc_feat_rugged,
          hangedman_decor_clover_reticule
D:3:      layout_basic, uniq_jessica
D:4:      layout_cave_pods, minitemple, kennysheep_generic_room_6

Skill      XL: |  1  2  3  4  5 |
---------------+----------------+-----
Axes           | 3 4 |  4.1
Dodging        | 3 4 |  4.1
Fighting       | 4 |  4.6

Action                     |  1- 3 |  4- 6 || total
---------------------------+-------+-------++-------
  Melee: Hand axe          |    96 |   106 ||   202
    Use: Potion            |       |     1 ||     1
 Armour: Robe              |    12 |     2 ||    14
         Plate armour      |       |    72 ||    72
         Skin              |       |    14 ||    14
  Dodge: Dodged            |    47 |    30 ||    77

Table legend: (Time is in decaauts)
 A = Elapsed time spent in this place.
 B = Non-inter-level travel time spent in this place.
 C = Inter-level travel time spent in this place.
 D = Time resting spent in this place.
 E = Time spent auto-exploring this place.
 F = Levels seen in this place.
 G = Mean time per level.
                   A        B        C        D        E       F      G
               +--------+--------+--------+--------+--------+-----+--------+
         Total |   2848 |   2717 |    131 |      0 |   2138 |   4 |  712.0 |
       Dungeon |   2848 |   2717 |    131 |      0 |   2138 |   4 |  712.0 |
               +--------+--------+--------+--------+--------+-----+--------+

Top non-repeatable levels by time:
     D:2: 946 daAuts
     D:4: 655 daAuts
     D:1: 623 daAuts
     D:3: 622 daAuts
